NCAA
NEVADA LAS VEGAS REBELS @ DUKE BLUE DEVILS
03/11/2060
 
TOP OF THE 1ST
Nevada Las Vegas Rebels batting - Pitching for Duke Blue Devils : LHP Jaysean Hall
Pitching: LHP Jaysean Hall
Batting: RHB R.J. Anteau 0-0: Ball
1-0: Ball
2-0: Called Strike
2-1: Ball
3-1: Ground out 6-3 (Groundball, 56, EV 88.8 MPH)
Batting: LHB Earl Salazar 0-0: Fly out, F7 (Flyball, 7LMF, EV 93.1 MPH)
Batting: RHB Luke Fridell 0-0: Ball
1-0: Foul Ball, location: 2F
1-1: Foul Ball, location: 2F
1-2: Fly out, F7 (Line Drive, 7S, EV 88.1 MPH)
Top of the 1st over - 0 runs, 0 hits, 0 errors, 0 left on base; Nevada Las Vegas 0 - Duke 0
BOTTOM OF THE 1ST
Duke Blue Devils batting - Pitching for Nevada Las Vegas Rebels : RHP Toby High
Pitching: RHP Toby High
Batting: SHB Carl Briscoe 0-0: Called Strike
0-1: Swinging Strike
0-2: Ball
1-2: Strikes out looking
Batting: LHB Rob Bass 0-0: Ground out 6-3 (Groundball, 6S, EV 78.1 MPH)
Batting: LHB Seth Gains 0-0: Ball
1-0: Ball
2-0: Called Strike
2-1: Foul Ball, location: 2F
2-2: Ball
3-2: Base on Balls
Batting: LHB Bryan Charpentier 0-0: Ball
1-0: Called Strike
1-1: Foul Ball, location: 2F
1-2: Ball
2-2: Strikes out swinging
Bottom of the 1st over - 0 runs, 0 hits, 0 errors, 1 left on base; Nevada Las Vegas 0 - Duke 0
TOP OF THE 2ND
Nevada Las Vegas Rebels batting - Pitching for Duke Blue Devils : LHP Jaysean Hall
Batting: LHB Evan Olsen 0-0: DOUBLE (Flyball, 78D, EV 100.6 MPH)
Batting: RHB Sean Leonard 0-0: Ball
1-0: Foul Ball, location: 2F
1-1: Foul Ball, location: 2F
1-2: Ball
2-2: Fly out, F7 (Flyball, 78S, EV 87.5 MPH)
Batting: LHB Joey Mastrostefano 0-0: Ball
1-0: Foul Ball, location: 2F
1-1: Foul Ball, location: 2F
1-2: SINGLE (Flyball, 78S, EV 86.9 MPH)
Evan Olsen to third
Runner from 3rd tries for Home, throw by LF and OUT! 7-2
Batting: RHB Wes Keel 0-0: Ball
1-0: Ball
2-0: Called Strike
2-1: Foul Ball, location: 2F
2-2: Ground out U3 (Groundball, 3, EV 83.8 MPH)
Top of the 2nd over - 0 runs, 2 hits, 0 errors, 1 left on base; Nevada Las Vegas 0 - Duke 0
BOTTOM OF THE 2ND
Duke Blue Devils batting - Pitching for Nevada Las Vegas Rebels : RHP Toby High
Batting: RHB Jason Walker 0-0: Foul Ball, location: 2F
0-1: Ground out 4-3 (Groundball, 4, EV 81.2 MPH)
Batting: LHB Easton Gryder 0-0: Hit by Pitch
Batting: RHB Walker Russell 0-0: Ball
Easton Gryder steals 2nd base
1-0: Ball
2-0: Foul Ball, location: 2F
2-1: Foul Ball, location: 2F
2-2: Ball
3-2: DOUBLE (Line Drive, 8LD, EV 98.8 MPH)
Easton Gryder scores
Batting: RHB Javarez Corley 0-0: Ball
1-0: Called Strike
1-1: Called Strike
Walker Russell is caught stealing 3rd base 2-5
1-2: Foul Ball, location: 2F
1-2: Fly out, F7 (Flyball, 7, EV 96.2 MPH)
Bottom of the 2nd over - 1 run, 1 hit, 0 errors, 0 left on base; Nevada Las Vegas 0 - Duke 1
TOP OF THE 3RD
Nevada Las Vegas Rebels batting - Pitching for Duke Blue Devils : LHP Jaysean Hall
Batting: RHB Drew Flett 0-0: Foul Ball, location: 2F
0-1: Fly out, F8 (Flyball, 89S, EV 84.4 MPH)
Batting: LHB Kane Drennen 0-0: Ball
1-0: Ball
2-0: Ball
3-0: Called Strike
3-1: Base on Balls
Batting: RHB R.J. Anteau 0-0: Ball
1-0: Called Strike
1-1: Ball
2-1: SINGLE (Line Drive, 89S, EV 95.6 MPH)
Kane Drennen to second
Batting: LHB Earl Salazar 0-0: Foul Ball, location: 2F
0-1: Ball
1-1: Swinging Strike
1-2: Foul Ball, location: 2F
1-2: Grounds out, U3 (Groundball, 3L, EV 85.0 MPH)
Kane Drennen to third
Batting: RHB Luke Fridell 0-0: Ball
1-0: Ball
2-0: Called Strike
2-1: Ball
3-1: Ground out 4-3 (Groundball, 4, EV 80.0 MPH)
Top of the 3rd over - 0 runs, 1 hit, 0 errors, 2 left on base; Nevada Las Vegas 0 - Duke 1
BOTTOM OF THE 3RD
Duke Blue Devils batting - Pitching for Nevada Las Vegas Rebels : RHP Toby High
Batting: RHB Brian Robinette 0-0: Foul Ball, location: 2F
0-1: Ball
1-1: Foul Ball, location: 2F
1-2: Ball
2-2: Foul Ball, location: 2F
2-2: Ball
3-2: Fly out, F2 (Popup, 3SF, EV 78.1 MPH)
Batting: SHB Carl Briscoe 0-0: Swinging Strike
0-1: Ball
1-1: Foul Ball, location: 2F
1-2: Ground out 2-3 (Groundball, 2L, EV 66.9 MPH)
Batting: LHB Rob Bass 0-0: Called Strike
0-1: Foul Ball, location: 2F
0-2: Foul Ball, location: 2F
0-2: Ball
1-2: Ball
2-2: SINGLE (Groundball, 4D, EV 100.0 MPH)
Batting: LHB Seth Gains 0-0: Called Strike
0-1: Ball
1-1: Ball
2-1: Fly out, F8 (Flyball, 8LD, EV 95.0 MPH)
Bottom of the 3rd over - 0 runs, 1 hit, 0 errors, 1 left on base; Nevada Las Vegas 0 - Duke 1
TOP OF THE 4TH
Nevada Las Vegas Rebels batting - Pitching for Duke Blue Devils : LHP Jaysean Hall
Batting: LHB Evan Olsen 0-0: Ground out 3-1 (Groundball, 34, EV 106.9 MPH)
Batting: RHB Sean Leonard 0-0: Called Strike
0-1: Ball
1-1: Foul Ball, location: 2F
1-2: Ground out 3-1 (Groundball, 34S, EV 80.6 MPH)
Batting: LHB Joey Mastrostefano 0-0: Ball
1-0: Ball
2-0: Foul Ball, location: 2F
2-1: DOUBLE (Line Drive, 78M, EV 108.8 MPH)
Batting: RHB Wes Keel 0-0: Ground out 3-1 (Groundball, 34, EV 80.6 MPH)
Top of the 4th over - 0 runs, 1 hit, 0 errors, 1 left on base; Nevada Las Vegas 0 - Duke 1
BOTTOM OF THE 4TH
Duke Blue Devils batting - Pitching for Nevada Las Vegas Rebels : RHP Toby High
Batting: LHB Bryan Charpentier 0-0: Ball
1-0: Ball
2-0: Called Strike
2-1: Ball
3-1: Called Strike
3-2: SINGLE (Groundball, 34D, EV 100.6 MPH)
Batting: RHB Jason Walker 0-0: Called Strike
0-1: Fly out, F8 (Flyball, 8RM, EV 89.4 MPH)
Batting: LHB Easton Gryder 0-0: Ball
1-0: Foul Ball, location: 2F
1-1: Ball
2-1: Fly out, F8 (Flyball, 8RS, EV 95.0 MPH)
Batting: RHB Walker Russell 0-0: Ball
1-0: Ball
2-0: Fly out, F8 (Flyball, 8LD, EV 103.1 MPH)
Bottom of the 4th over - 0 runs, 1 hit, 0 errors, 1 left on base; Nevada Las Vegas 0 - Duke 1
TOP OF THE 5TH
Nevada Las Vegas Rebels batting - Pitching for Duke Blue Devils : LHP Jaysean Hall
Batting: RHB Drew Flett 0-0: Called Strike
0-1: Foul Ball, location: 2F
0-2: Ground out 6-3 (Groundball, 6M, EV 86.2 MPH)
Batting: LHB Kane Drennen 0-0: Foul Ball, location: 2F
0-1: Ball
1-1: Called Strike
1-2: Foul Ball, location: 2F
1-2: Ball
2-2: Strikes out swinging
Batting: RHB R.J. Anteau 0-0: Ball
1-0: Ball
2-0: Ball
3-0: Called Strike
3-1: Foul Ball, location: 2F
3-2: Foul Ball, location: 2F
3-2: Base on Balls
Batting: LHB Earl Salazar 0-0: Called Strike
0-1: Ball
1-1: Foul Ball, location: 2F
1-2: Foul Ball, location: 2F
1-2: Foul Ball, location: 2F
1-2: Foul Ball, location: 2F
1-2: Ball
2-2: Fly out, F7 (Line Drive, 7, EV 106.9 MPH)
Top of the 5th over - 0 runs, 0 hits, 0 errors, 1 left on base; Nevada Las Vegas 0 - Duke 1
BOTTOM OF THE 5TH
Duke Blue Devils batting - Pitching for Nevada Las Vegas Rebels : RHP Toby High
Batting: RHB Javarez Corley 0-0: SINGLE (Groundball, 5S, EV 67.5 MPH) (infield hit)
Batting: RHB Brian Robinette 0-0: Ball
1-0: Ball
Javarez Corley is caught stealing 2nd base 2-4
2-0: Ball
3-0: Called Strike
3-1: SINGLE (Groundball, 13, EV 86.2 MPH) (infield hit)
Batting: SHB Carl Briscoe 0-0: Ball
1-0: Called Strike
1-1: Called Strike
1-2: Ball
2-2: Ball
3-2: Foul Ball, location: 2F
3-2: Strikes out looking
Batting: LHB Rob Bass 0-0: Foul Ball, location: 2F
0-1: Ground out 4-3 (Groundball, 34, EV 85.0 MPH)
Bottom of the 5th over - 0 runs, 2 hits, 0 errors, 1 left on base; Nevada Las Vegas 0 - Duke 1
TOP OF THE 6TH
Nevada Las Vegas Rebels batting - Pitching for Duke Blue Devils : LHP Jaysean Hall
Batting: RHB Luke Fridell 0-0: Fly out, F7 (Flyball, 7D, EV 91.2 MPH)
Batting: LHB Evan Olsen 0-0: Called Strike
0-1: Foul Ball, location: 2F
0-2: SINGLE (Groundball, 6D, EV 100.6 MPH)
Batting: RHB Sean Leonard 0-0: Called Strike
0-1: Ball
1-1: Foul Ball, location: 2F
1-2: Ball
2-2: SINGLE (Flyball, 7LS, EV 89.4 MPH)
Evan Olsen to second
Pitching: RHP Wesley Detrick
Batting: LHB Joey Mastrostefano 0-0: Ball
1-0: Called Strike
1-1: Grounds into double play, 4-6-3 (Groundball, 4, EV 105.0 MPH)
Top of the 6th over - 0 runs, 2 hits, 0 errors, 1 left on base; Nevada Las Vegas 0 - Duke 1
BOTTOM OF THE 6TH
Duke Blue Devils batting - Pitching for Nevada Las Vegas Rebels : RHP Toby High
Batting: LHB Seth Gains 0-0: Ball
1-0: Called Strike
1-1: Foul Ball, location: 2F
1-2: SINGLE (Flyball, 5D, EV 92.5 MPH)
Pitching: RHP Riley Cripe
Batting: LHB Bryan Charpentier 0-0: Called Strike
0-1: Ball
1-1: Grounds into double play, 5-4-3 (Groundball, 56S, EV 85.0 MPH)
Batting: RHB Jason Walker 0-0: Ground out 6-3 (Groundball, 6, EV 85.0 MPH)
Bottom of the 6th over - 0 runs, 1 hit, 0 errors, 0 left on base; Nevada Las Vegas 0 - Duke 1
TOP OF THE 7TH
Nevada Las Vegas Rebels batting - Pitching for Duke Blue Devils : RHP Wesley Detrick
Batting: RHB Wes Keel 0-0: Ball
1-0: Called Strike
1-1: Swinging Strike
1-2: Ball
2-2: Strikes out swinging
Batting: RHB Drew Flett 0-0: Ball
1-0: Ball
2-0: Ball
3-0: Swinging Strike
3-1: Base on Balls
Pinch Hitting: LHB Chance Koegler 0-0: Foul Ball, location: 2F
0-1: Ball
1-1: Ball
Wild Pitch!
Drew Flett to second
2-1: Ground out 4-3 (Groundball, 4, EV 91.2 MPH)
Drew Flett to third
Batting: RHB R.J. Anteau 0-0: Ball
1-0: Ball
2-0: SINGLE (Groundball, 6MD, EV 107.5 MPH)
Drew Flett scores
Batting: LHB Earl Salazar 0-0: SINGLE (Groundball, 56D, EV 105.6 MPH)
R.J. Anteau to second
Batting: RHB Luke Fridell 0-0: Called Strike
0-1: Called Strike
0-2: Ball
1-2: Ball
2-2: SINGLE (Line Drive, 6D, EV 98.1 MPH)
R.J. Anteau to third
Earl Salazar to second
Runner from 3rd tries for Home, throw by CF and OUT! 8-2
Top of the 7th over - 1 run, 3 hits, 0 errors, 2 left on base; Nevada Las Vegas 1 - Duke 1
BOTTOM OF THE 7TH
Duke Blue Devils batting - Pitching for Nevada Las Vegas Rebels : RHP Riley Cripe
Now at SS: Johnathan Sepe
Batting: LHB Easton Gryder 0-0: Ball
1-0: Ball
2-0: Foul Ball, location: 2F
2-1: SOLO HOME RUN (Line Drive, 9D, EV 97.5 MPH), Distance : 379 ft
Batting: RHB Walker Russell 0-0: SOLO HOME RUN (Line Drive, 7LD, EV 96.2 MPH), Distance : 351 ft
Batting: RHB Javarez Corley 0-0: Swinging Strike
0-1: Ground out 6-3 (Groundball, 6, EV 107.5 MPH)
Batting: RHB Brian Robinette 0-0: Called Strike
0-1: Foul Ball, location: 2F
0-2: Foul Ball, location: 2F
0-2: Fly out, F7 (Flyball, 7LMF, EV 85.6 MPH)
Batting: SHB Carl Briscoe 0-0: Ball
1-0: Ball
2-0: Ball
3-0: Base on Balls
Batting: LHB Rob Bass 0-0: Ball
1-0: Ball
2-0: Ball
3-0: Base on Balls
Carl Briscoe to second
Batting: LHB Seth Gains 0-0: Ball
1-0: Ball
2-0: Called Strike
2-1: Called Strike
2-2: Strikes out looking
Bottom of the 7th over - 2 runs, 2 hits, 0 errors, 2 left on base; Nevada Las Vegas 1 - Duke 3
TOP OF THE 8TH
Nevada Las Vegas Rebels batting - Pitching for Duke Blue Devils : RHP Wesley Detrick
Batting: LHB Evan Olsen 0-0: Called Strike
0-1: Swinging Strike
0-2: Foul Ball, location: 2F
0-2: Ball
1-2: Strikes out swinging
Batting: RHB Sean Leonard 0-0: Foul Ball, location: 2F
0-1: Ball
1-1: Ball
2-1: Foul Ball, location: 2F
2-2: Foul Ball, location: 2F
2-2: Foul Ball, location: 2F
2-2: Foul Ball, location: 2F
2-2: SINGLE (Line Drive, 34D, EV 95.0 MPH)
Batting: LHB Joey Mastrostefano 0-0: Ball
1-0: Foul Ball, location: 2F
1-1: Foul Ball, location: 2F
1-2: Foul Ball, location: 2F
1-2: Ball
2-2: Foul Ball, location: 2F
2-2: Foul Ball, location: 2F
2-2: Ball
3-2: Strikes out looking
Pitching: RHP Sawyer Viergutz
Pinch Hitting: LHB Stuart Jugo 0-0: Ball
1-0: Fly out, F8 (Line Drive, 8LD, EV 98.1 MPH)
Top of the 8th over - 0 runs, 1 hit, 0 errors, 1 left on base; Nevada Las Vegas 1 - Duke 3
BOTTOM OF THE 8TH
Duke Blue Devils batting - Pitching for Nevada Las Vegas Rebels : RHP Riley Cripe
Now at 3B: Talon Osuna
Batting: LHB Bryan Charpentier 0-0: Ball
1-0: SINGLE (Flyball, 8LS, EV 93.8 MPH) - OUT at second base trying to stretch hit.
Batting: RHB Jason Walker 0-0: Called Strike
0-1: Called Strike
0-2: Strikes out swinging
Batting: LHB Easton Gryder 0-0: Called Strike
0-1: Ball
1-1: Bunt for hit to 25 - play at first, batter OUT! 1-3
Bottom of the 8th over - 0 runs, 1 hit, 0 errors, 0 left on base; Nevada Las Vegas 1 - Duke 3
Bottom of the 8th over - 0 runs, 1 hit, 0 errors, 0 left on base; Nevada Las Vegas 1 - Duke 3
TOP OF THE 9TH
Nevada Las Vegas Rebels batting - Pitching for Duke Blue Devils : RHP Sawyer Viergutz
Pitching: LHP Okaro Amdilyan
Batting: RHB Drew Flett 0-0: Ball
1-0: Ball
2-0: Called Strike
2-1: Foul Ball, location: 2F
2-2: Ball
3-2: Foul Ball, location: 2F
3-2: Strikes out looking
Batting: RHB Johnathan Sepe 0-0: Called Strike
0-1: Ball
1-1: Foul Ball, location: 2F
1-2: SINGLE (Groundball, 6S, EV 75.6 MPH) (infield hit)
Batting: RHB R.J. Anteau 0-0: Ball
1-0: Called Strike
1-1: Called Strike
1-2: Strikes out swinging
Batting: LHB Earl Salazar 0-0: Called Strike
0-1: Foul Ball, location: 2F
0-2: Strikes out swinging
Top of the 9th over - 0 runs, 1 hit, 0 errors, 1 left on base; Nevada Las Vegas 1 - Duke 3
Wednesday, April 17th , 2024 - OOTP Baseball 23.10 Build 110